 Dungeon Crawl Stone Soup version 0.32-a0-841-g4648e6c457 (console) character file.

Game seed: 10955779448589236912

49 Voker57 the Changeling (level 3, 0/40 HPs)
             Began as a Merfolk Shapeshifter on Mar 26, 2024.
             Killed from afar by Sigmund (6 damage)
             ... with a magic dart
             ... on level 2 of the Dungeon.
             The game lasted 00:01:36 (1713 turns).

Voker57 the Changeling (Merfolk Shapeshifter)       Turns: 1713, Time: 00:01:37

Health: 0/40       AC: 21    Str: 12 (14) XL:     3   Next: 77%
Magic:  3/3        EV:  2    Int:  6 (9)  God:
Gold:   79         SH:  0    Dex: 13 (15) Spells: 2/2 levels left

rFire   . . .        n - +0 short sword (venom)
rCold   . . .        (no shield)
rNeg    . . .        g - melded +0 leather armour {rN+}
rPois   +            (helmet currently unavailable)
rElec   .            (cloak currently unavailable)
rCorr   .            (gloves currently unavailable)
SInv    .            (boots currently unavailable)
Will    .....        (no amulet)
Stlth   +            (no ring)
HPRegen 0.26/turn    (no ring)
MPRegen 0.08/turn

%: no passive effects
@: tree-form, attractive
A: stationary, stasis, torment immunity, boosted hp, (nimble swimmer 2),
(mertail)
a: no special abilities


You were on level 2 of the Dungeon.
You were a tree.
You visited 1 branch of the dungeon, and saw 2 of its levels.

You collected 79 gold pieces.

Inventory:

Hand Weapons
 l - a +0 whip of flaming
 n - a +0 short sword of venom (weapon)
Armour
 a - a +0 animal skin
 g - a +0 leather armour of positive energy (melded)
Jewellery
 j - a ring of flight
Talismans
 c - a beast talisman (active)
 d - a flux talisman
Scrolls
 e - a scroll of amnesia {unknown}
 f - a scroll of poison {unknown}
 m - 3 scrolls of teleportation {unknown}
 o - a scroll of enchant armour {unknown}
Potions
 k - a potion of brilliance {unknown}


   Skills:
 + Level 2.1 Fighting
 + Level 3.5 Dodging
 + Level 3.8 Unarmed Combat
 + Level 4.4 Shapeshifting


You had 2 spell levels left.
You didn't know any spells.
Your spell library contained the following spells:

 Spells                   Type           Power      Damage    Failure   Level
 Apportation              Tloc           0%         N/A       45%         1
 Blink                    Tloc           0%         N/A       58%         2
 Jinxbite                 Hex            0%         N/A       58%         2
 Lesser Beckoning         Tloc           0%         N/A       58%         2
 Momentum Strike          Conj/Tloc      0%         3d8       58%         2
 Alistair's Intoxication  Alch           0%         N/A       100%        5


Dungeon Overview and Level Annotations

Branches:
Dungeon (2/15)

Altars:

Annotations:
D:2 Sigmund


Innate Abilities, Weirdness & Mutations

You are a tree.
Your roots penetrate the ground, keeping you stationary.
You cannot be teleported.
You are immune to unholy pain and torment.
Your maximum health is greatly increased.
Your equipment is partially melded.
((You are very nimble when in or above water. (Stealth+, EV+, Speed+++)))
((Your lower body shifts to a powerful aquatic tail in water.))


Message History

The jackal closely misses you. x2
Sigmund mumbles some strange words.
Sigmund flickers and vanishes!
Deactivating autopickup; reactivate with Ctrl-A.
You hit the rat.
You kill the rat!
The jackal bites you but does no damage.
The jackal barely misses you.
The jackal bites you but does no damage. x2
You hit the jackal.
The jackal is poisoned.
The jackal is severely wounded.
You kill the jackal!
The jackal closely misses you.
You closely miss the jackal. The jackal closely misses you.
The jackal barely misses you. Something hits you. The jackal barely misses you.
The jackal bites you but does no damage.
Something hits you!
You miss something. The jackal closely misses you. The jackal bites you.
You barely miss something. The jackal barely misses you. Something hits you!
* * * LOW HITPOINT WARNING * * *
Really quaff the potion of lignification?
Your transformation has ended.
You turn into a tree.
Your +0 leather armour of positive energy melds into your body.
You feel less protected from negative energy.
Your roots penetrate the ground.
The jackal bites you but does no damage.
Something hits you but does no damage.
The jackal bites you but does no damage.
It was a potion of degeneration.
There was something very wrong with that liquid.
You feel weakened.
You feel dopey.
You feel clumsy.
The jackal bites you but does no damage.
It was a potion of attraction.
You feel attractive to monsters.
The jackal bites you but does no damage.
You hear some strange, mumbled words.
A magic dart appears from out of thin air!
The magic dart hits you.
You die...

#######+#.#
#.#.#.#.# #.#
#.#.# #.. #.#
#.#.# ###
#.#.#
.######### #
.........# #
.........# #
.........# #
.........# #
.........#####
#
......{♣.'...#
#
........h###.#
# ....<....#
#.# #
.........# #.#
# ##########
#.# #### #.#
#...
##############
#.# #.##
#............#
#.# #.#
#............#
#.# #.#
#............#
#.# #.##
#............#
#.# #...


You could see a jackal.

Vanquished Creatures
  2 adders (D:2)
  3 ball pythons
  3 bats
  2 endoplasms
  A giant cockroach (D:1)
  A goblin (D:2)
  2 hobgoblins
  7 jackals
  A quokka (D:2)
  2 frilled lizards
  2 kobolds
  2 rats
28 creatures vanquished.

Notes
Turn   | Place    | Note
-------+----------+-------------------------------------------
     0 | D:1      | Voker57 the Merfolk Shapeshifter began the quest for the
                  | Orb.
     0 | D:1      | Reached XP level 1. HP: 15/15 MP: 1/1
   399 | D:1      | Found a faded altar of an unknown god.
   425 | D:1      | Reached XP level 2. HP: 17/21 MP: 2/2
   871 | D:2      | Reached XP level 3. HP: 18/27 MP: 3/3
  1701 | D:2      | Noticed Sigmund
  1713 | D:2      | Killed from afar by Sigmund

Illustrated notes

Levels and vault maps discovered:
D:1:      amcnicky_arrival_feature_with_door, layout_loops_ring,
          shapermc_ecumenical_altar_ellora
D:2:      layout_basic, kennysheep_doodads, uniq_sigmund

Skill      XL: |  1  2  3 |
---------------+----------+-----
Dodging        | 3 |  3.5
Fighting       | 2 |  2.1
Unarmed Combat | |  3.8
Shapeshifting  | |  4.4

Action                     || total
---------------------------++-------
  Melee: Unarmed           ||    22
         Whip              ||    24
         Short sword       ||    25
    Use: Potion            ||     3
   Stab: Sleeping          ||     1
 Armour: Leather armour    ||    57
         Animal skin       ||     1
         Skin              ||     6
  Dodge: Dodged            ||    60

Table legend: (Time is in decaauts)
 A = Elapsed time spent in this place.
 B = Non-inter-level travel time spent in this place.
 C = Inter-level travel time spent in this place.
 D = Time resting spent in this place.
 E = Time spent auto-exploring this place.
 F = Levels seen in this place.
 G = Mean time per level.
                   A        B        C        D        E       F      G
               +--------+--------+--------+--------+--------+-----+--------+
         Total |   1713 |   1587 |    126 |    280 |   1116 |   2 |  856.5 |
       Dungeon |   1713 |   1587 |    126 |    280 |   1116 |   2 |  856.5 |
               +--------+--------+--------+--------+--------+-----+--------+

Top non-repeatable levels by time:
     D:1: 859 daAuts
     D:2: 853 daAuts
